AoeStats
← turcoocacn

MegaRandom

506892653Analyzed
1v1 RM · 15d ago on Sep 15, 2026· 20m 44s· 2 players
Game mode
Random Map
Map size
Tiny (2 player)
Population
200
Speed
Normal
Resources
Standard
Victory
Conquest
Starting age
Dark Age
Ending age
Imperial Age
RankedLock teamsTeams togetherTeam positionsShared explorationLock speedFull tech treeHidden civsTurbo modeCheats
Victory
Defeat
🇦🇷 Maya · Argentina
691
+24
🇪🇸 Portuguese · Spain
647
-14
LucaNotDead
10:07 Feudal Age
11:56 Double-Bit Axe
16:32 Gold Mining
17:17 Horse Collar
17:42 Fishing Lines
turcoocacn
1:01 Loom
11:23 Feudal Age
12:34 Double-Bit Axe
14:40 Fletching
14:53 Horse Collar
15:37 Padded Archer Armor
17:15 Wheelbarrow
18:08 Gold Mining
23:07 Castle Age
Connection lost

Rejoining the realm…

Still unreachable

The connection could not be restored.

Session expired

The server has moved on; the page needs a fresh start.